 Dungeon Crawl Stone Soup version 0.30-a0-702-gdf48620a09 (webtiles) character file.

Game seed: 14605312051960857004

141 flotson the Sneak (level 5, -3/41 HPs)
             Began as a Demonspawn Delver on Jan 22, 2023.
             Slain by an orc priest
             ... wielding a +0 trident
              (5 damage)
             ... on level 2 of the Dungeon.
             The game lasted 00:03:39 (1948 turns).

flotson the Sneak (Demonspawn Delver)               Turns: 1948, Time: 00:03:40

Health: -3/41      AC:  5    Str: 15    XL:     5   Next: 3%
Magic:  5/5        EV: 11    Int: 11    God:
Gold:   146        SH:  0    Dex: 14    Spells: 4/4 levels left

rFire   . . .      SeeInvis .    a - +2 short sword (drain)
rCold   . . .      Faith    .    (no shield)
rNeg    . . .      Spirit   .    i - +0 ring mail
rPois   .          Reflect  .    (no helmet)
rElec   .          Harm     .    (no cloak)
rCorr   .          Rampage  .    (no gloves)
Will    .....                    (no boots)
Stlth   ++                       x - amulet of the acrobat
HPRegen 0.26/turn                (no ring)
MPRegen 0.09/turn                (no ring)

@: attractive
A: powered by death 1, demonic magic 1
a: no special abilities


You were on level 2 of the Dungeon.
You visited 1 branch of the dungeon, and saw 5 of its levels.

You collected 146 gold pieces.

Inventory:

Hand Weapons
 a - a +2 short sword of draining (weapon)
 b - a +2 sling of freezing
 f - a +0 hand axe
Missiles
 j - 3 boomerangs (quivered)
Armour
 i - a +0 ring mail (worn)
Jewellery
 x - an amulet of the acrobat (around neck)
Wands
 g - a wand of digging (3)
Scrolls
 c - a scroll of fog
 d - a scroll of magic mapping
 e - a scroll of fear
 h - 6 scrolls of identify {unknown}
 m - a scroll of immolation {unknown}
 o - a scroll of teleportation {unknown}
 s - a scroll of brand weapon {unknown}
 t - a scroll of summoning {unknown}
 u - 2 scrolls of amnesia {unknown}
 v - a scroll of noise {unknown}
Potions
 k - a potion of attraction
 l - a potion of mutation {unknown}
 n - a potion of curing {unknown}
 p - a potion of flight {unknown}
 q - 2 potions of heal wounds {unknown}
 r - a potion of haste
 w - a potion of cancellation {unknown}


   Skills:
 + Level 3.6 Fighting
 + Level 2.3 Axes
 + Level 1.0 Throwing
 + Level 1.4 Armour
 + Level 2.4 Dodging
 + Level 4.9 Stealth
 + Level 1.4 Evocations


You had 4 spell levels left.
You didn't know any spells.
Your spell library contained the following spells:

 Spells                   Type           Power      Damage    Failure   Level
 Apportation              Tloc           0%         N/A       56%         1
 Necrotise                Necr           0%         1d4       56%         1
 Sandblast                Erth           0%         2d4       56%         1
 Sting                    Tmut/Pois      0%         1d3       56%         1
 Summon Small Mammal      Summ           0%         N/A       56%         1
 Passwall                 Tmut/Erth      0%         N/A       71%         2
 Poisonous Vapours        Pois/Air       0%         N/A       71%         2
 Ignite Poison            Fire/Tmut/Pois 0%         N/A       90%         3
 Kindle Blastsparks       Fire/Tloc/Air  0%         2d10      90%         3
 Stone Arrow              Conj/Erth      0%         3d7       90%         3
 Olgreb's Toxic Radiance  Pois           0%         N/A       100%        4
 Freezing Cloud           Conj/Ice/Air   0%         6-21      100%        5


Dungeon Overview and Level Annotations

Branches:
Dungeon (5/15)
 Temple: D:4-7

Altars:


Innate Abilities, Weirdness & Mutations

You regenerate a little health from kills.
Spells you cast may paralyse adjacent enemies.


Message History

The orc priest calls down the wrath of Beogh upon you.
Pain shoots through your body!
The orc priest hits you with a +0 trident.
You shoot a sling bullet.
The sling bullet barely misses the orc priest.
The orc priest closely misses you.
You shoot a sling bullet. The sling bullet hits the orc priest.
The sling bullet freezes the orc priest.
The orc priest is severely wounded.
The orc priest calls down the wrath of Beogh upon you.
Pain shoots through your body!
The orc priest hits you with a +0 trident.
You are too injured to fight recklessly!
You are too injured to fight recklessly!
You are too injured to fight recklessly!
You are too injured to fight recklessly!
You are too injured to fight recklessly!
You are too injured to fight recklessly!
You are too injured to fight recklessly!
You are too injured to fight recklessly!
You are too injured to fight recklessly!
Your +2 sling of freezing stops glowing.
You sense an unholy aura.
a - a +2 short sword of draining (weapon)
You hit the orc priest.
The orc priest is severely wounded.
The orc priest invokes the aid of Beogh against you.
Beogh smites you!
* * * LOW HITPOINT WARNING * * *
You barely miss the orc priest.
The orc priest is severely wounded.
The orc priest begins to cast a cantrip, but forgets the words!
You hit the orc priest but do no damage.
The orc priest is severely wounded.
The orc priest hits you with a +0 trident.
* * * LOW HITPOINT WARNING * * *
It was a potion of attraction.
You feel attractive to monsters.
The orc priest hits you with a +0 trident.
You die...

#..########## #
#....##### #
#........# #
#........# #
###........# #
#..........#
#.###......#
#.###......#######
#@o...............
#[###......#######
#.############
#............#
#..#########.#
#..#.......#.#
#..#.#####.#.#
#..#...# #.#.#
###...<#.# #.#.#


You could see an orc priest.

Vanquished Creatures
  A hound (D:4)
  A gnoll (D:1)
  3 adders
  A white imp (D:3)
  A worm (D:4)
  A dart slug (D:2)
  5 orcs
  4 endoplasms
  4 giant cockroaches
  5 goblins
  A hobgoblin (D:2)
  6 jackals
  5 kobolds
  A quokka (D:1)
  6 ball pythons
  8 bats
  2 frilled lizards
  A rat (D:2)
56 creatures vanquished.

Notes
Turn   | Place    | Note
-------+----------+-------------------------------------------
     0 | D:5      | flotson the Demonspawn Delver began the quest for the Orb.
     0 | D:5      | Reached XP level 1. HP: 18/18 MP: 1/1
    64 | D:5      | Noticed an iguana
   235 | D:4      | Noticed a hound
   247 | D:4      | Killed a hound
   248 | D:4      | Gained mutation: You regenerate a little health from kills.
                  | [demonic ancestry]
   248 | D:4      | Reached XP level 2. HP: 9/24 MP: 2/2
   248 | D:4      | Reached XP level 3. HP: 11/29 MP: 3/3
   265 | D:5      | Reached skill level 1 in Evocations
   423 | D:2      | Reached skill level 1 in Armour
   435 | D:2      | Reached XP level 4. HP: 35/35 MP: 4/4
  1801 | D:3      | Reached skill level 1 in Throwing
  1801 | D:3      | Gained mutation: Spells you cast may paralyse adjacent
                  | enemies. [demonic ancestry]
  1801 | D:3      | Reached XP level 5. HP: 29/41 MP: 5/5
  1947 | D:2      | HP: 2/41 [orc priest/+0 trident (4)]
  1948 | D:2      | Slain by an orc priest

Illustrated notes

Levels and vault maps discovered:
D:1:      dpeg_arrival_radiant, layout_basic
D:2:      layout_basic, minmay_distorted
D:3:      cheibrodos_pilgrimage, layout_basic, gammafunk_temple_overflow_wave
D:4:      layout_basic, kennysheep_orc_chapel
D:5:      layout_gridville

Skill      XL: |  1  2  3  4 |
---------------+-------------+-----
Axes           | 2 |  2.3
Dodging        | 2 |  2.4
Evocations     | 1 |  1.4
Armour         | 1 |  1.4
Throwing       | 1 |  1.0
Fighting       | |  3.6
Stealth        | |  4.9

Action                   |  1- 3 |  4- 6 || total
-------------------------+-------+-------++-------
Melee: Hand axe          |    20 |       ||    20
       Short sword       |    16 |     5 ||    21
 Fire: Sling             |    13 |   102 ||   115
  Use: Potion            |     1 |     1 ||     2
Armor: Ring mail         |     8 |    43 ||    51
Dodge: Dodged            |    20 |    72 ||    92

Table legend: (Time is in decaauts)
 A = Elapsed time spent in this place.
 B = Non-inter-level travel time spent in this place.
 C = Inter-level travel time spent in this place.
 D = Time resting spent in this place.
 E = Time spent auto-exploring this place.
 F = Levels seen in this place.
 G = Mean time per level.
                   A        B        C        D        E       F      G
               +--------+--------+--------+--------+--------+-----+--------+
         Total |   1996 |   1904 |     92 |     55 |   1385 |   5 |  399.2 |
       Dungeon |   1996 |   1904 |     92 |     55 |   1385 |   5 |  399.2 |
               +--------+--------+--------+--------+--------+-----+--------+

Top non-repeatable levels by time:
     D:1: 762 daAuts
     D:2: 761 daAuts
     D:4: 239 daAuts
     D:5: 126 daAuts
     D:3: 106 daAuts
